 Dungeon Crawl Stone Soup version 0.30-a0-374-g95c0257040 (webtiles) character file.

Game seed: 2357258157698717012

1302 bande the Chopper (level 8, -14/49 HPs)
             Began as a Gargoyle Fighter on Nov 27, 2022.
             Was an Initiate of Okawaru.
             Killed from afar by a steam dragon (15 damage)
             ... with a ball of steam
             ... on level 6 of the Dungeon.
             The game lasted 00:07:40 (4942 turns).

bande the Chopper (Gargoyle Fighter)                Turns: 4942, Time: 00:07:41

Health: -14/49     AC: 15    Str: 20    XL:     8   Next: 57%
Magic:  9/9        EV:  9    Int:  9    God:    Okawaru [......]
Gold:   353        SH:  6    Dex: 11    Spells: 7/7 levels left

rFire   . . .      SeeInvis .    a - +1 war axe (elec)
rCold   . . .      Faith    .    c - +1 buckler
rNeg    + . .      Spirit   .    b - +0 scale mail
rPois   ∞          Reflect  .    g - +2 hat
rElec   +          Harm     .    (no cloak)
rCorr   .          Rampage  .    (no gloves)
Will    .....                    (no boots)
Stlth   ..........               (no amulet)
HPRegen 0.28/turn                (no ring)
MPRegen 0.11/turn                (no ring)

@: no status effects
A: sickness immunity, AC +5, negative energy resistance 1, electricity
resistance, torment resistance 1, petrification resistance
a: Renounce Religion


You were on level 6 of the Dungeon.
You worshipped Okawaru.
Okawaru was noncommittal.
You visited 2 branches of the dungeon, and saw 7 of its levels.

You collected 353 gold pieces.

Inventory:

Hand Weapons
 a - a +1 war axe of electrocution (weapon)
 p - a +0 flail
Armour
 b - a +0 scale mail (worn)
 c - a +1 buckler (worn)
 g - a +2 hat (worn)
Wands
 k - a wand of polymorph (11)
 m - a wand of iceblast (7)
Scrolls
 f - a scroll of blinking
 h - 2 scrolls of enchant weapon
 s - a scroll of teleportation
 u - a scroll of brand weapon
Potions
 d - a potion of might
 e - 4 potions of curing
 j - 2 potions of heal wounds
 l - a potion of attraction {unknown}
 o - a potion of haste {unknown}
 q - a potion of brilliance {unknown}
 t - a potion of flight {unknown}
 w - a potion of degeneration {unknown}


   Skills:
 + Level 5.3 Fighting
 + Level 6.2 Axes
 + Level 5.6 Armour
 - Level 0.1 Stealth
 + Level 5.0 Shields
 * Level 1.5 Invocations
 * Level 2.6 Evocations


You had 7 spell levels left.
You didn't know any spells.
Your spell library contained the following spells:

 Spells                   Type           Power      Damage    Failure   Level
 Kiss of Death            Conj/Necr      0%         2d5       80%         1
 Wereblood                Tmut           0%         N/A       91%         2
 Confusing Touch          Hex            0%         N/A       99%         3
 Gell's Gravitas          Tloc           0%         N/A       99%         3
 Hailstorm                Conj/Ice       0%         3d3       99%         3
 Lesser Beckoning         Tloc           0%         N/A       99%         3
 Teleport Other           Tloc           0%         N/A       99%         3
 Dispel Undead            Necr           0%         3d6       100%        4
 Ice Form                 Ice/Tmut       0%         N/A       100%        4
 Sublimation of Blood     Necr           Unusable   N/A       N/A         2
 Simulacrum               Ice/Necr       Unusable   N/A       N/A         6
 Summon Hydra             Summ           Unusable   N/A       N/A         7

Dungeon Overview and Level Annotations

Branches:
Dungeon (6/15)             Temple (1/1) D:5

Altars:
Ashenzari
Cheibriados
Dithmenos
Elyvilon
Gozag
Kikubaaqudgha
Nemelex Xobeh
Okawaru
Qazlal
Sif Muna
Trog
Wu Jian
Xom
Yredelemnul
Zin

Shops:
D:2 :   D:3 *


Innate Abilities, Weirdness & Mutations

You are immune to sickness and miasma.
Your stone body is resilient. (AC +5)
You are immune to poison.
You resist negative energy. (rN+)
You are resistant to electric shocks. (rElec)
You are resistant to unholy torment.
You are immune to petrification.


Message History

You closely miss the steam dragon. The steam dragon breathes steam at you.
The ball of steam hits you!
You hit the steam dragon but do no damage.
You are engulfed in a cloud of scalding steam.
* * * LOW HITPOINT WARNING * * *
The steam dragon bites you but does no damage.
The steam dragon closely misses you.
You closely miss the steam dragon.
You are engulfed in a cloud of scalding steam.
* * * LOW HITPOINT WARNING * * *
The steam dragon closely misses you.
The steam dragon claws you but does no damage.
The steam dragon bites you but does no damage.
The steam dragon closely misses you.
You slash the steam dragon!
The steam dragon is moderately wounded.
You are engulfed in a cloud of scalding steam.
The steam dragon bites you but does no damage.
The steam dragon claws you but does no damage.
You feel much better.
You are engulfed in a cloud of scalding steam.
The steam dragon bites you but does no damage.
The steam dragon claws you.
You closely miss the steam dragon.
The steam dragon is moderately wounded.
The steam dragon barely misses you. The steam dragon claws you.
You hit the steam dragon.
The steam dragon is moderately wounded.
The steam dragon breathes steam at you. The ball of steam hits you!!
* * * LOW HITPOINT WARNING * * *
You barely miss the steam dragon.
The steam dragon is moderately wounded.
You are engulfed in a cloud of scalding steam.
The steam dragon bites you but does no damage.
You block the steam dragon's attack. The steam dragon breathes steam at you.
The ball of steam hits you!
You die...

#### ##(..## ##8.>.8##
###.......# # #.§§@D8.<.#
##.##.#§......#
###.....##8.>.8##
.........##...##
###...###.###############
.........................
###...##..........[.[.#
##. #.########.###.# #.
#. #.#


You could see a steam dragon (catching breath).

Vanquished Creatures
  Sigmund (D:3)
  A water moccasin (D:5)
  3 ogres
  A centaur (D:6)
  2 phantoms
  A gnoll sergeant (D:5)
  A scorpion (D:5)
  A gnoll bouda (D:4)
  3 iguanas
  12 gnolls
  13 adders
  A shadow imp (D:5)
  A worm (D:2)
  4 dart slugs
  9 orcs
  6 ball pythons
  A bat (D:2)
  6 endoplasms
  3 giant cockroaches (D:2)
  8 goblins
  6 hobgoblins
  2 jackals (D:1)
  A quokka (D:3)
  2 frilled lizards
  4 kobolds
  4 rats
97 creatures vanquished.

Notes
Turn   | Place    | Note
-------+----------+-------------------------------------------
     0 | D:1      | bande the Gargoyle Fighter began the quest for the Orb.
     0 | D:1      | Reached XP level 1. HP: 14/14 MP: 1/1
    54 | D:1      | You fall into a shaft and drop 1 floor!
    66 | D:2      | Reached XP level 2. HP: 19/19 MP: 2/2
   385 | D:1      | Reached skill level 2 in Axes
   529 | D:1      | Reached XP level 3. HP: 22/23 MP: 3/3
  1110 | D:2      | Reached XP level 4. HP: 29/29 MP: 4/4
  1144 | D:2      | Found Zostria's Book Boutique.
  1533 | D:3      | Found a basalt altar of Yredelemnul.
  1544 | D:3      | Reached skill level 3 in Axes
  1763 | D:3      | Reached XP level 5. HP: 30/33 MP: 5/5
  1778 | D:3      | Noticed a phantom
  1785 | D:3      | Killed a phantom
  1805 | D:3      | Found Eciamudd's Assorted Antiques.
  1916 | D:3      | Noticed Sigmund
  1926 | D:3      | Found a faded altar of an unknown god.
  1945 | D:3      | Killed Sigmund
  1946 | D:3      | Reached skill level 4 in Axes
  1946 | D:3      | Reached XP level 6. HP: 39/39 MP: 6/6
  2391 | D:4      | Found a shimmering blue altar of Sif Muna.
  2763 | D:4      | Found a glowing silver altar of Zin.
  3129 | D:5      | Entered Level 5 of the Dungeon
  3178 | D:5      | Reached XP level 7. HP: 26/44 MP: 7/7
  3331 | D:4      | Reached skill level 1 in Evocations
  3503 | D:5      | Reached skill level 5 in Axes
  3772 | D:5      | Reached skill level 5 in Armour
  3851 | D:5      | Found a staircase to the Ecumenical Temple.
  3888 | D:5      | Reached skill level 5 in Fighting
  3888 | D:5      | Reached XP level 8. HP: 38/49 MP: 8/8
  4007 | Temple   | Entered the Ecumenical Temple
  4018 | Temple   | Became a worshipper of Warmaster Okawaru
  4505 | D:6      | Reached skill level 6 in Axes
  4505 | D:6      | Reached skill level 1 in Invocations
  4895 | D:6      | Reached skill level 5 in Shields
  4941 | D:6      | HP: 1/49 [steam dragon/ball of steam (22)]
  4942 | D:6      | Killed from afar by a steam dragon

Illustrated notes

Levels and vault maps discovered:
D:1:      minmay_arrival_diagonal_passages, layout_loops_corners,
          minmay_tree_intersection
D:2:      layout_rooms, serial_shops, nicolae_shop_waterfront
D:3:      layout_loops_ring, mainiacjoe_overflow_concentric_impassable,
          serial_shops, nicolae_shop_advertising_works
          [nicolae_subvault_shop_adworks],
          hellmonk_ecumenical_altar_pennies_from_heaven, fountainhead,
          uniq_sigmund
D:4:      layout_cave_pods, lemuel_coloured_pillars_altar,
          mainiacjoe_overflow_catwalk
D:5:      layout_cave_pods, temple_doors_e
D:6:      layout_loops_ring, serial_shops, nicolae_take_the_stairs,
          gammafunk_ghost_arena, grunt_ministairs_7
Temple:   nicolae_temple_no_exploring_needed

Skill      XL: |  1  2  3  4  5  6  7  8 |
---------------+-------------------------+-----
Axes           | 2 3 4 5 6 |  6.2
Shields        | 4 5 |  5.0
Armour         | 4 5 |  5.6
Fighting       | 4 5 |  5.3
Evocations     | 2 |  2.6
Invocations    | 1 |  1.5
Stealth        | |  0.1

Action                   |  1- 3 |  4- 6 |  7- 9 || total
-------------------------+-------+-------+-------++-------
Melee: War axe           |   108 |   129 |   104 ||   341
  Use: Scroll            |       |    12 |     3 ||    15
       Potion            |       |     1 |     1 ||     2
Armor: Scale mail        |    63 |    75 |    76 ||   214
Dodge: Dodged            |    47 |    54 |    65 ||   166
Block: Buckler           |    33 |    22 |    42 ||    97

Table legend: (Time is in decaauts)
 A = Elapsed time spent in this place.
 B = Non-inter-level travel time spent in this place.
 C = Inter-level travel time spent in this place.
 D = Time resting spent in this place.
 E = Time spent auto-exploring this place.
 F = Levels seen in this place.
 G = Mean time per level.
                   A        B        C        D        E       F      G
               +--------+--------+--------+--------+--------+-----+--------+
         Total |   5071 |   5054 |     17 |    737 |   3233 |   7 |  724.4 |
       Dungeon |   5047 |   5030 |     17 |    737 |   3233 |   6 |  841.2 |
        Temple |     23 |     23 |      0 |      0 |      0 |   1 |   23.0 |
               +--------+--------+--------+--------+--------+-----+--------+

Top non-repeatable levels by time:
     D:5: 1155 daAuts
     D:1: 989 daAuts
     D:4: 983 daAuts
     D:3: 852 daAuts
     D:2: 570 daAuts
     D:6: 496 daAuts
  Temple: 23 daAuts
